 Dungeon Crawl Stone Soup version 0.28-a0-1206-g193881aaa2 (webtiles) character file.

Game seed: 16838198829140934179

3609 halfoni the Cleaver (level 10, -2/77 HPs)
             Began as a Human Berserker on Dec 21, 2021.
             Was an Elder of Trog.
             Slain by an orc warrior (16 damage)
             ... on level 10 of the Dungeon.
             The game lasted 00:14:32 (12545 turns).

halfoni the Cleaver (Human Berserker)              Turns: 12545, Time: 00:14:33

Health: -2/77      AC: 19    Str: 22    XL:     10   Next: 32%
Magic:  10/10      EV:  5    Int:  8    God:    Trog [****..]
Gold:   370        SH:  8    Dex: 12    Spells: 9/9 levels left

rFire   + . .      SeeInvis .   a - +0 hand axe
rCold   . . .      Faith    +   y - +0 kite shield
rNeg    . . .      Spirit   .   C - +0 plate armour
rPois   .          Reflect  .   B - +0 helmet
rElec   .          Harm     .   (no cloak)
rCorr   .          Rampage  .   p - +1 pair of gloves
Will    +....                   b - +1 pair of boots
Stlth   ..........              w - amulet of faith
HPRegen 0.22/turn               o - ring of protection from fire
MPRegen 0.12/turn               r - ring of willpower

@: on berserk cooldown, slowed, very slow
A: no striking features
a: Renounce Religion, Berserk, Trog's Hand, Brothers in Arms


You were on level 10 of the Dungeon.
You worshipped Trog.
Trog was greatly pleased with you.
You visited 1 branch of the dungeon, and saw 8 of its levels.

You collected 370 gold pieces.

Inventory:

Hand Weapons
 a - a +0 hand axe (weapon)
Armour
 b - a +1 pair of boots (worn)
 p - a +1 pair of gloves (worn)
 y - a +0 kite shield (worn)
 B - a +0 helmet (worn)
 C - a +0 plate armour (worn)
Jewellery
 d - a ring of protection from cold
 o - a ring of protection from fire (left hand)
 r - a ring of willpower (right hand)
 w - an amulet of faith (around neck)
Wands
 n - a wand of polymorph (9)
 q - a wand of flame (22)
 v - a wand of charming (5)
Scrolls
 f - a scroll of magic mapping
 g - a scroll of torment
 h - a scroll of immolation
 i - 2 scrolls of identify
 x - a scroll of fog {unknown}
 z - a scroll of enchant armour
Potions
 c - 3 potions of flight
 e - 5 potions of curing {unknown}
 j - a potion of degeneration {unknown}
 k - a potion of lignification {unknown}
 l - a potion of heal wounds
 m - a potion of magic {unknown}
 s - a potion of resistance {unknown}
 t - a potion of attraction {unknown}
 u - a potion of invisibility {unknown}
 A - a potion of mutation {unknown}


   Skills:
 + Level 6.7 Fighting
 + Level 9.3 Axes
 + Level 8.1 Armour
 + Level 4.2 Dodging
 - Level 1.2 Stealth
 * Level 2.8 Shields


You had 9 spell levels left.
You didn't know any spells.
Your spell library was empty.

Dungeon Overview and Level Annotations

Branches:
Dungeon (7/15)             Temple (0/1) D:6

Altars:
Cheibriados
Nemelex Xobeh
Qazlal
Sif Muna
Trog
Vehumet
The Shining One


Message History

The orc warrior hits you with a +0 war axe!
You block the orc warrior's attack.
You slash the orc warrior!
The orc warrior is severely wounded.
The orc warrior hits you with a +0 war axe!
You hit the orc warrior but do no damage.
The orc warrior is severely wounded.
The orc warrior hits you with a +0 war axe.
The orc warrior hits you with a +0 war axe!
You are too injured to fight recklessly!
You are too injured to fight recklessly!
You closely miss the orc warrior.
The orc warrior is severely wounded.
The orc warrior hits you but does no damage.
You block the orc warrior's attack.
You closely miss the orc warrior.
The orc warrior is severely wounded.
You block the orc warrior's attack.
You hit the orc warrior but do no damage.
The orc warrior is severely wounded.
The orc warrior hits you with a +0 war axe.
The orc warrior hits you but does no damage.
Your plate armour prevents you from hitting the orc warrior.
The orc warrior is severely wounded.
The orc warrior hits you but does no damage.
You hit the orc warrior.
The orc warrior is almost dead.
You block the orc warrior's attack.
The orc warrior hits you but does no damage.
You barely miss the orc warrior.
The orc warrior is almost dead.
The orc warrior hits you with a +0 war axe!
* * * LOW HITPOINT WARNING * * *
The orc warrior hits you with a +0 war axe!
* * * LOW HITPOINT WARNING * * *
Your shield and plate armour prevent you from hitting the orc warrior.
The orc warrior is almost dead.
The orc warrior hits you but does no damage.
The orc warrior hits you with a +0 war axe!
You die...

### ..#
#.# #.#
#####.##
.##......
......#.##
.......@.#
.≈§.≈§o).#
..≈.≈§§).#
≈.!..§≈..#
≈≈...≈§§##
..._....#
≈≈...≈§.#
≈...^.§.#
.≈.≈...


You could see an orc warrior.

Vanquished Creatures
  A two-headed ogre (D:10)
  5 yaks
  2 water moccasins
  An ice beast (D:7)
  A sky beast (D:6)
  3 ogres
  A black bear (D:6)
  2 centaurs (D:5)
  A kobold brigand (D:7)
  A bullfrog (D:6)
  A gnoll sergeant (D:6)
  2 water moccasin zombies
  5 scorpions
  2 wyvern skeletons (D:5)
  A jelly (D:2)
  A hound (D:6)
  A bullfrog zombie (D:5)
  6 orc priests
  3 iguanas
  2 orc wizards
  Natasha (thrice) (D:3)
  11 gnolls
  4 adders
  A shadow imp (D:6)
  A white imp (D:6)
  3 worms (D:3)
  6 dart slugs
  17 orcs
  9 bats
  19 endoplasms
  A giant cockroach (D:1)
  6 goblins
  7 hobgoblins
  15 jackals
  18 kobolds
  2 quokkas
  6 ball pythons
  4 frilled lizards
  4 rats
179 creatures vanquished.

Vanquished Creatures (others)
  13 demonic plants (D:2)
  2 fungi (D:2)
  A plant (D:2)
  9 toadstools (D:2)
  4 withered plants (D:2)
29 creatures vanquished.

Grand Total: 208 creatures vanquished

Notes
Turn   | Place    | Note
-------+----------+-------------------------------------------
     0 | D:1      | halfoni the Human Berserker began the quest for the Orb.
     0 | D:1      | Reached XP level 1. HP: 18/18 MP: 1/1
   167 | D:1      | Reached XP level 2. HP: 24/24 MP: 2/2
   432 | D:1      | Reached XP level 3. HP: 8/29 MP: 3/3
  1465 | D:1      | Reached ** piety under Trog
  2156 | D:1      | Reached XP level 4. HP: 6/35 MP: 4/4
  3371 | D:2      | Found a faded altar of an unknown god.
  3737 | D:2      | Reached skill level 4 in Axes
  3737 | D:2      | Reached XP level 5. HP: 32/42 MP: 5/5
  4318 | D:3      | Reached XP level 6. HP: 32/48 MP: 6/6
  4637 | D:3      | Reached *** piety under Trog
  5205 | D:3      | Noticed Natasha
  5215 | D:3      | Killed Natasha
  5323 | D:3      | Found a snail-covered altar of Cheibriados.
  5484 | D:3      | Found a shimmering blue altar of Sif Muna.
  5589 | D:3      | Found a radiant altar of Vehumet.
  5589 | D:3      | Noticed Natasha
  5597 | D:3      | Killed Natasha
  5598 | D:3      | Reached skill level 5 in Axes
  6001 | D:3      | Noticed Natasha
  6019 | D:3      | Killed Natasha
  6020 | D:3      | Reached skill level 1 in Stealth
  6643 | D:4      | Reached XP level 7. HP: 46/54 MP: 7/7
  7958 | D:5      | Entered Level 5 of the Dungeon
  7974 | D:5      | Reached skill level 6 in Axes
  8148 | D:5      | Reached XP level 8. HP: 54/61 MP: 8/8
  8593 | D:5      | Reached skill level 5 in Armour
  9199 | D:5      | Noticed a yak
  9200 | D:5      | Noticed a yak
  9200 | D:5      | Noticed a yak
  9200 | D:5      | Noticed a yak
  9223 | D:5      | Noticed a yak
  9227 | D:5      | Killed a yak
  9228 | D:5      | Reached skill level 5 in Fighting
  9228 | D:5      | Reached skill level 7 in Axes
  9296 | D:4      | Killed a yak
  9298 | D:4      | Killed a yak
  9299 | D:4      | Reached XP level 9. HP: 68/68 MP: 9/9
  9736 | D:5      | Reached skill level 8 in Axes
  9880 | D:5      | Found a stormy altar of Qazlal.
 10438 | D:5      | Found a glowing golden altar of the Shining One.
 10526 | D:6      | Found a staircase to the Ecumenical Temple.
 11268 | D:6      | Found a sparkling altar of Nemelex Xobeh.
 11282 | D:6      | Reached **** piety under Trog
 11913 | D:6      | Reached skill level 1 in Shields
 12159 | D:7      | Reached XP level 10. HP: 77/77 MP: 10/10
 12520 | D:7      | You fall into a shaft and drop 3 floors!
 12520 | D:10     | Entered Level 10 of the Dungeon
 12520 | D:10     | Noticed a two-headed ogre
 12520 | D:10     | Found a bloodstained altar of Trog.
 12532 | D:10     | Killed a two-headed ogre
 12533 | D:10     | Reached skill level 9 in Axes
 12545 | D:10     | Slain by an orc warrior

Illustrated notes

Levels and vault maps discovered:
D:1:      minmay_arrival_stair_chambers, layout_loops_ring,
          minmay_tree_intersection, kennysheep_small_spiral,
          corexii_corridor_pit
D:2:      cheibrodos_fertilizer, layout_basic, shapermc_ecumenical_altar_gd,
          dk_noncrumbling_4, corexii_shack
D:3:      minmay_chambers_of_threes, layout_basic, kennysheep_slug_shrine,
          nicolae_sif_muna_little_library, vehumet_crystals,
          kennysheep_pointless_box, uniq_natasha
D:4:      layout_rooms, minmay_pentomino_pile
D:5:      layout_basic, lemuel_tele_altar, lemuel_coloured_pillars_altar,
          lemuel_old_faithful
D:6:      layout_loops_corners, mainiacjoe_overflow_24_doors,
          minmay_temple_entry_overgrown
D:7:      layout_loops_ring, old_standard_altar, minmay_lizard_king
D:10:     layout_loops_corners, mainiacjoe_overflow_small_starburst,
          lemuel_round_altar, minivault_24

Skill      XL: |  1  2  3  4  5  6  7  8  9 10 |
---------------+-------------------------------+-----
Axes           | 4 5 6 7 8 9 |  9.3
Fighting       | 4 5 6 |  6.7
Armour         | 3 4 6 7 8 |  8.1
Dodging        | 3 4 |  4.2
Stealth        | 1 |  1.2
Shields        | 1 2 |  2.8

Action                   |  1- 3 |  4- 6 |  7- 9 | 10-12 || total
-------------------------+-------+-------+-------+-------++-------
Melee: Hand axe          |   102 |   199 |   311 |    48 ||   660
Invok: Berserk           |     2 |     8 |    17 |     2 ||    29
  Use: Scroll            |       |     8 |     2 |       ||    10
Armor: Animal skin       |     9 |       |       |       ||     9
       Leather armour    |    21 |    37 |       |       ||    58
       Scale mail        |       |       |    31 |       ||    31
       Chain mail        |       |       |   130 |    11 ||   141
       Plate armour      |       |       |       |    15 ||    15
Dodge: Dodged            |    78 |   143 |   150 |     7 ||   378
Block: Kite shield       |       |       |     9 |    17 ||    26

Table legend: (Time is in decaauts)
 A = Elapsed time spent in this place.
 B = Non-inter-level travel time spent in this place.
 C = Inter-level travel time spent in this place.
 D = Time resting spent in this place.
 E = Time spent auto-exploring this place.
 F = Levels seen in this place.
 G = Mean time per level.
                   A        B        C        D        E       F      G
               +--------+--------+--------+--------+--------+-----+--------+
         Total |  12861 |  12699 |    162 |   5312 |   5358 |   8 | 1607.6 |
       Dungeon |  12861 |  12699 |    162 |   5312 |   5358 |   8 | 1607.6 |
               +--------+--------+--------+--------+--------+-----+--------+

Top non-repeatable levels by time:
     D:1: 2967 daAuts
     D:3: 2581 daAuts
     D:5: 2110 daAuts
     D:4: 1941 daAuts
     D:2: 1529 daAuts
     D:6: 1275 daAuts
     D:7: 428 daAuts
    D:10: 27 daAuts
